 Dungeon Crawl Stone Soup version 0.28.0-43-g3370ac3207 (webtiles) character file.

Game seed: 5904762464094346147

188 xzight the Skirmisher (level 5, 0/33 HPs)
             Began as a Gargoyle Fighter on Mar 11, 2022.
             Slain by Menkaure (14 damage)
             ... on level 6 of the Dungeon.
             The game lasted 00:05:39 (3103 turns).

xzight the Skirmisher (Gargoyle Fighter)            Turns: 3103, Time: 00:05:40

Health: 0/33       AC: 16    Str: 21    XL:     5   Next: 67%
Magic:  5/5        EV:  9    Int:  4    God:
Gold:   58         SH:  5    Dex: 15    Spells: 4/4 levels left

rFire   . . .      SeeInvis .   a - +0 war axe
rCold   . . .      Faith    .   c - +0 buckler
rNeg    + . .      Spirit   .   o - +3 scale mail of Good Intentions {rElec rPois Int-5}
rPois   ∞          Reflect  .   q - +0 helmet
rElec   +          Harm     .   l - +0 cloak
rCorr   .          Rampage  .   (no gloves)
Will    .....                   (no boots)
Stlth   ..........              m - amulet of the acrobat
HPRegen 0.11/turn               D - +6 ring of dexterity
MPRegen 0.09/turn               (no ring)

@: no status effects
A: sickness immunity, AC +4, negative energy resistance 1, electricity
resistance, torment resistance 1, petrification resistance
a: no special abilities


You were on level 6 of the Dungeon.
You visited 1 branch of the dungeon, and saw 4 of its levels.

You collected 58 gold pieces.


Innate Abilities, Weirdness & Mutations

You are immune to sickness and miasma.
Your stone body is resilient. (AC +4)
You are immune to poison.
You resist negative energy. (rN+)
You are resistant to electric shocks. (rElec)
You are resistant to unholy torment.
You are immune to petrification.


   Skills:
 + Level 4.2 Fighting
 * Level 3.5 Axes
 + Level 4.1 Armour
 + Level 4.1 Shields


You had 4 spell levels left.
You didn't know any spells.
Your spell library was empty.

Inventory:

Hand Weapons
 a - a +0 war axe (weapon)
Armour
 c - a +0 buckler (worn)
 l - a +0 cloak (worn)
 o - the +3 scale mail of Good Intentions (worn) {rElec rPois Int-5}
   (You found it on level 2 of the Dungeon)

   Int:       It affects your intelligence (-5).
   rElec:     It insulates you from electricity.
   rPois:     It protects you from poison.
 q - a +0 helmet (worn)
Jewellery
 m - an amulet of the acrobat (around neck)
 n - an amulet of regeneration
 D - a +6 ring of dexterity (left hand)
Scrolls
 f - a scroll of teleportation {unknown}
 g - a scroll of holy word {unknown}
 h - a scroll of blinking {unknown}
 i - a scroll of fog {unknown}
Potions
 b - a potion of magic {unknown}
 d - a potion of might
 e - 2 potions of curing {@q1}
 j - a potion of mutation {unknown}
 k - a potion of attraction {unknown}
 p - a potion of heal wounds {unknown}

Dungeon Overview and Level Annotations

Branches:
Dungeon (3/15)

Altars:
Vehumet

Shops:
D:3 [(:(

Annotations:
D:6 Menkaure

## .. #.#####
#...@M# #####.#
#.# #.# #.#
><.............
#####.[.......#
#.........#
#..........


You could see Menkaure (fast).


Message History

The water moccasin skeleton is severely damaged.
The water moccasin skeleton bites you but does no damage. x2
You hit the water moccasin skeleton.
The water moccasin skeleton is severely damaged.
Menkaure calls on the powers of darkness!
Your body is wracked with pain!
The water moccasin skeleton barely misses you.
You hit the water moccasin skeleton but do no damage.
The water moccasin skeleton is severely damaged.
The water moccasin skeleton bites you but does no damage.
The water moccasin skeleton completely misses you.
You barely miss the water moccasin skeleton.
The water moccasin skeleton is severely damaged.
The water moccasin skeleton barely misses you.
The water moccasin skeleton misses you.
You slash the water moccasin skeleton!
You destroy the water moccasin skeleton!
Menkaure mumbles some strange words.
Menkaure seems to speed up.
You block Menkaure's attack.
You barely miss Menkaure. Menkaure barely misses you.
You slash Menkaure!
Menkaure is heavily damaged.
Menkaure hits you!
* * * LOW HITPOINT WARNING * * *
Menkaure calls on the powers of darkness!
Your body is wracked with pain!
* * * LOW HITPOINT WARNING * * *
It was a potion of curing.
You feel better. Menkaure hits you!
You die...

Skill      XL: |  1  2  3  4  5 |
---------------+----------------+-----
Axes           | 2 3 |  3.5
Fighting       | 4 |  4.2
Shields        | 4 |  4.1
Armour         | 4 |  4.1

Action                   |  1- 3 |  4- 6 || total
-------------------------+-------+-------++-------
Melee: War axe           |   117 |    79 ||   196
  Use: Potion            |       |     1 ||     1
Armor: Scale mail        |    51 |    34 ||    85
Dodge: Dodged            |    69 |    50 ||   119
Block: Buckler           |    22 |    16 ||    38

Levels and vault maps discovered:
D:1:      scummos_arrival_gate, layout_loops_ring
D:2:      kb_forest_paths, layout_basic, hellmonk_ecumenical_altar_arch_garden,
          minmay_misc_feat_square, minmay_distorted
D:3:      layout_basic, nicolae_vehumet_altar_sigil, serial_shops, shop,
          shop_fountains, shop, shop_statue, nicolae_wormholes
D:6:      layout_loops_ring, minmay_temple_entry_antechambers, serial_glass,
          glass_columns_a, glass_columns_c, glass_columns_c, glass_columns_c,
          uniq_edmund, uniq_menkaure, uniq_maggie

Notes
Turn   | Place    | Note
-------+----------+-------------------------------------------
     0 | D:1      | xzight the Gargoyle Fighter began the quest for the Orb.
     0 | D:1      | Reached XP level 1. HP: 14/14 MP: 1/1
    68 | D:1      | Reached skill level 2 in Axes
   199 | D:1      | Reached XP level 2. HP: 17/19 MP: 2/2
   267 | D:1      | HP: 1/19 [frozen (3)]
  1205 | D:1      | Reached XP level 3. HP: 23/23 MP: 3/3
  1758 | D:2      | Found a faded altar of an unknown god.
  2039 | D:2      | Reached XP level 4. HP: 24/29 MP: 4/4
  2418 | D:2      | Identified the +3 scale mail of Good Intentions {rElec
                  | rPois Int-5}
  2443 | D:3      | Found Haec's Book Emporium.
  2508 | D:3      | Found Kuss's Weapon Shop.
  2521 | D:3      | Reached skill level 3 in Axes
  2571 | D:3      | Found Befiurghi's Antique Weapon Emporium.
  2599 | D:3      | Reached skill level 4 in Fighting
  2599 | D:3      | Reached skill level 4 in Shields
  2599 | D:3      | Reached XP level 5. HP: 26/33 MP: 5/5
  2684 | D:3      | Reached skill level 4 in Armour
  2720 | D:3      | Found Itupnim's Antique Armour Shoppe.
  2872 | D:3      | Found a radiant altar of Vehumet.
  3076 | D:3      | You fall into a shaft and drop 3 floors!
  3077 | D:6      | Noticed Menkaure
  3103 | D:6      | Slain by Menkaure

Vanquished Creatures
  A water moccasin skeleton (D:6)
  An orc wizard (D:3)
  2 adders (D:2)
  4 worms (D:3)
  A dart slug (D:3)
  7 orcs
  8 bats
  7 endoplasms
  2 giant cockroaches
  7 goblins
  4 hobgoblins
  8 jackals
  3 quokkas
  4 ball pythons
  5 frilled lizards
  6 kobolds
  5 rats
75 creatures vanquished.

Table legend: (Time is in decaauts)
 A = Elapsed time spent in this place.
 B = Non-inter-level travel time spent in this place.
 C = Inter-level travel time spent in this place.
 D = Time resting spent in this place.
 E = Time spent auto-exploring this place.
 F = Levels seen in this place.
 G = Mean time per level.
                   A        B        C        D        E       F      G
               +--------+--------+--------+--------+--------+-----+--------+
         Total |   3182 |   3128 |     54 |    794 |   1511 |   4 |  795.5 |
       Dungeon |   3182 |   3128 |     54 |    794 |   1511 |   4 |  795.5 |
               +--------+--------+--------+--------+--------+-----+--------+

Top non-repeatable levels by time:
     D:1: 1529 daAuts
     D:2: 969 daAuts
     D:3: 651 daAuts
     D:6: 31 daAuts

Table legend:
 A = Non-vault XP
 B = Vault XP
 C = Vault XP percentage of total XP
 D = Non-vault monster count
 E = Vault monster count
 F = Vault count percentage of total count
                 A         B        C        D         E       F
            +---------+---------+-------+---------+---------+-------
      Total |     241 |      28 |  10.4 |      66 |       9 |  12.0
            +---------+---------+-------+---------+---------+-------
        D:1 |      40 |       0 |   0.0 |      25 |       0 |   0.0
        D:2 |      52 |      23 |  30.7 |      22 |       8 |  26.7
        D:3 |      79 |       5 |   6.0 |      18 |       1 |   5.3
        D:6 |      70 |       0 |   0.0 |       1 |       0 |   0.0
            +---------+---------+-------+---------+---------+-------
